 Dungeon Sprint DCSS version 0.14-a0-3295-g3fd807f (webtiles) character file.

3608 BluebellGnoll the Cleaver (level 9, -4/93 HPs)
             Began as a Deep Dwarf Fighter on Mar 14, 2014.
             Was the Champion of Makhleb.
             Slain by a mottled draconian
             ... wielding a +0,+1 glaive
              (8 damage)
             ... in the Dungeon (Sprint V: "Ziggurat Sprint").
             The game lasted 00:14:37 (354 turns).

BluebellGnoll the Cleaver (Deep Dwarf Fighter)       Turns: 354, Time: 00:14:38

HP  -4/93        AC 23     Str 37      XL: 9   Next: 86%
MP  13/24        EV  0     Int  9      God: Makhleb [******]
Gold 0           SH 54     Dex 13      Spells:  0 memorised,  8 levels left

rFire  + . .     SeeInvis +     M - +12,+15 obsidian axe {chop, +Fly Str+3 SInv Curse}
rCold  + . .     Clarity  .     n - +5 gold dragon armour
rNeg   + + .     Conserve .     O - +27 shield of the gong {rElec rN+ MR+ EV-5}
rPois  +         rCorr    .     (no helmet)
rElec  +         rRot     .     (no cloak)
SustAb . .       Spirit   .     (no gloves)
rMut   .         Warding  +     (no boots)
Saprov . . .     NoTele   +     N - amulet of warding
MR     ++...                    t - +6 ring of strength
                                s - +6 ring of strength

@: mesmerised, liquid flames, non-regenerating, glowing, very resistant to
hostile enchantments, extremely unstealthy
A: damage resistance, recharge devices, sense surroundings 2, slow healing 3
a: Device Recharging, Minor Destruction, Lesser Servant of Makhleb, Major
Destruction, Greater Servant of Makhleb, Renounce Religion, Evoke Flight


You were in the Dungeon.
You worshipped Makhleb.
Makhleb was exalted by your worship.
You were not hungry.

You visited 1 branch

Inventory:

Hand weapons
 M - the cursed +12,+15 obsidian axe (weapon) {chop, +Fly Str+3 SInv Curse}
   (You found it in the Dungeon)

   It inflicts extra damage upon your enemies.
   It affects your strength (+3).
   It enhances your eyesight.
   It lets you fly.
   It may recurse itself when equipped.
   It has a curse placed upon it.
Armour
 n - a +5 gold dragon armour (worn)
 O - the +27 shield of the gong (worn) {rElec rN+ MR+ EV-5}
   (You found it in the Dungeon)

   It affects your evasion (-5).
   It insulates you from electricity.
   It protects you from negative energy.
   It affects your resistance to hostile enchantments.
Magical devices
 d - a wand of heal wounds (5)
 o - a wand of disintegration (5)
 u - a wand of fire (5)
 v - a wand of cold (5)
 w - a wand of draining (5)
Comestibles
 f - 5 bread rations
 K - 42 strawberries
 L - 4 meat rations
Scrolls
 l - 4 scrolls of blinking
 m - a scroll of brand weapon
 y - 4 scrolls of amnesia
 E - 2 scrolls of recharging
 F - 6 scrolls of fog
 H - 4 scrolls of identify
 I - 4 scrolls of remove curse
 J - 2 scrolls of fear
Jewellery
 b - an uncursed ring of positive energy
 p - a +6 ring of dexterity
 q - a +6 ring of intelligence
 r - a +6 ring of intelligence
 s - a +6 ring of strength (left hand)
 t - a +6 ring of strength (right hand)
 N - an amulet of warding (around neck)
Potions
 e - 5 potions of might
 g - 10 potions of curing
 h - 9 potions of heal wounds
 i - 6 potions of haste
 j - 7 potions of magic
 k - 3 potions of berserk rage
 x - 2 potions of brilliance
 z - a potion of invisibility
 A - 2 potions of restore abilities
 B - 4 potions of resistance
 C - a potion of experience
 D - 5 potions of agility
Miscellaneous
 a - a disc of storms
 c - a disc of storms
 G - a phial of floods


   Skills:
 - Level 10.2 Fighting
 + Level 14.6 Axes
 - Level 11.8 Armour
 * Level 3.5 Dodging
 - Level 9.7 Shields
 - Level 6.6 Invocations
 * Level 4.7 Evocations


You had 8 spell levels left.
You didn't know any spells.

Dungeon Overview and Level Annotations

Branches:
Dungeon (1/1)

Altars:
Ashenzari
Cheibriados
Dithmenos
Elyvilon
Fedhas
Kikubaaqudgha
Makhleb
Nemelex Xobeh
Okawaru
Sif Muna
Trog
Vehumet
Xom
Yredelemnul
Zin
The Shining One
Beogh
Jiyva
Lugonu


Innate Abilities, Weirdness & Mutations

You are resistant to damage.
You can recharge devices by infusing magical energy.
You passively map the area around you.
You do not heal naturally.


Message History

You block the grey draconian's attack.
GONNNNG!
You hit the grey draconian. You open a gate to Pandemonium!
A demon appears!
The grey draconian is almost dead.
You hit the yellow draconian.
The yellow draconian is heavily wounded.
You are covered in liquid flames!
One of your 5 scrolls of remove curse catches fire!
* * * LOW HITPOINT WARNING * * *
The mottled draconian completely misses you.
Your orange demon stings the grey draconian from afar.
The grey draconian looks even sicker.
Your orange demon poisons the grey draconian!
The grey draconian looks weaker.
Your balrug gestures at the grey draconian.
The sticky flame hits the grey draconian.
The grey draconian appears unharmed.
The grey draconian is covered in liquid flames!
The mottled draconian hits you from afar with a glaive!
You die...

, ,
▓▓▓▓▓▓▓▓▓▓▓▓▓▓▓▓▓▓▓
,
▓...8©8..,▓..8©8..▓
,
▓..[||[|..▓..=))..▓
, , ,
▓...)}[...▓..4)|..▓
▓.........▓.......▓
,
▓...d.....▓.......▓
,, *,
▓..ddd....▓.......▓
*
▓.33dd....▓.......▓
* , *
,▓.▓.@d2.▓.▓.▓...▓.▓
,
▓..4)3....▓.......▓
* * *
▓▓▓▓▓▓▓▓▓▓▓▓▓▓▓▓▓▓▓
≈ * 8 © , * ,, , ,,
, , , , * ,,* , , *
* ,,, , , , , , , ,
, ,


You could see 2 draconians, a yellow draconian, a white draconian, a grey
draconian (burning), 2 draconians, a friendly balrug, a friendly ice devil, a
friendly orange demon, a friendly neqoxec and a friendly chaos spawn.

Vanquished Creatures
  A mottled draconian (D)
  A cyclops (D)
  2 deep elf priests (D)
  A yak (D)
  2 redbacks (D)
  A deep elf fighter (D)
  2 hippogriffs (D)
  A water moccasin (D)
  A naga (D)
  A centaur (D)
  A scorpion (D)
  2 eyes of draining (D)
  A jelly (D)
  An orc wizard (D)
  An orc priest (D)
  A quasit (D)
  A sheep (D)
  A green rat (D)
  2 adders (D)
  2 oozes (D)
  An orc (D)
  A bat skeleton (D)
  2 jackals (D)
  2 fungi (D)
32 creatures vanquished.

Vanquished Creatures (collateral kills)
  A deep elf knight (D)
  A jumping spider (D)
  A hippogriff (D)
  A deep elf fighter (D)
  2 giant mites (D)
6 creatures vanquished.

Vanquished Creatures (others)
  A spatial maelstrom (D)
  An orange demon (D)
  A ynoxinul (D)
3 creatures vanquished.

Grand Total: 41 creatures vanquished

Notes
Turn   | Place    | Note
--------------------------------------------------------------
     0 | D        | BluebellGnoll, the Deep Dwarf Fighter, began the quest for the Orb.
     0 | D        | Reached XP level 1. HP: 20/20 MP: 1/1
     0 | D        | Found an ancient bone altar of Kikubaaqudgha.
     1 | D        | Found a basalt altar of Yredelemnul.
     1 | D        | Found an iron altar of Okawaru.
     2 | D        | Found a radiant altar of Vehumet.
     2 | D        | Found a shimmering altar of Xom.
     4 | D        | Banished a spatial maelstrom
    40 | D        | Found a burning altar of Makhleb.
    42 | D        | Found a deep blue altar of Sif Muna.
    43 | D        | Found a sparkling altar of Nemelex Xobeh.
    44 | D        | Found a bloodstained altar of Trog.
    44 | D        | Found a white marble altar of Elyvilon.
   175 | D        | Became a worshipper of Makhleb the Destroyer
   179 | D        | Entered arena 1.
   179 | D        | Noticed a quasit
   180 | D        | Reached skill level 4 in Shields
   180 | D        | Killed a quasit
   180 | D        | Acquired Makhleb's first power
   180 | D        | Reached skill level 7 in Shields
   180 | D        | Reached XP level 2. HP: 27/27 MP: 2/2
   186 | D        | Entered arena 2.
   186 | D        | Noticed an orc priest
   186 | D        | Noticed an orc wizard
   188 | D        | Killed an orc priest
   188 | D        | Reached skill level 8 in Shields
   188 | D        | Reached XP level 3. HP: 17/33 MP: 3/3
   192 | D        | Killed an orc wizard
   192 | D        | Reached skill level 9 in Shields
   192 | D        | Reached XP level 4. HP: 24/40 MP: 4/4
   203 | D        | Entered arena 3.
   203 | D        | Noticed a yak
   205 | D        | Acquired Makhleb's second power
   215 | D        | Killed a yak
   215 | D        | Reached skill level 10 in Axes
   215 | D        | Reached XP level 5. HP: 28/46 MP: 5/5
   224 | D        | Entered arena 4.
   224 | D        | Noticed a naga
   224 | D        | Noticed a water moccasin
   228 | D        | Killed a water moccasin
   228 | D        | Acquired Makhleb's third power
   228 | D        | Reached skill level 11 in Axes
   228 | D        | Reached XP level 6. HP: 32/55 MP: 6/6
   228 | D        | Reached skill level 12 in Axes
   231 | D        | Killed a naga
   231 | D        | Reached skill level 13 in Axes
   233 | D        | Acquired Makhleb's fourth power
   246 | D        | Entered arena 5.
   246 | D        | Noticed a jelly
   246 | D        | Noticed an eye of draining
   246 | D        | Noticed an eye of draining
   249 | D        | Killed a jelly
   249 | D        | Reached XP level 7. HP: 41/61 MP: 0/7
   250 | D        | Acquired Makhleb's fifth power
   253 | D        | Killed an eye of draining
   255 | D        | Killed an eye of draining
   255 | D        | Reached skill level 14 in Axes
   263 | D        | Entered arena 6.
   263 | D        | Noticed a hippogriff
   263 | D        | Noticed a hippogriff
   263 | D        | Noticed a cyclops
   263 | D        | Noticed a hippogriff
   263 | D        | Noticed a centaur
   268 | D        | Killed a hippogriff
   268 | D        | Reached skill level 5 in Armour
   268 | D        | Killed a centaur
   268 | D        | Reached skill level 5 in Fighting
   269 | D        | Killed a hippogriff
   270 | D        | Killed a hippogriff
   270 | D        | Reached XP level 8. HP: 70/76 MP: 2/8
   275 | D        | Killed a cyclops
   292 | D        | Entered arena 7.
   292 | D        | Noticed a jumping spider
   292 | D        | Noticed a redback
   292 | D        | Noticed a scorpion
   292 | D        | Noticed a redback
   295 | D        | Killed a redback
   297 | D        | Killed a redback
   299 | D        | Killed a jumping spider
   300 | D        | Killed a scorpion
   316 | D        | Entered arena 8.
   316 | D        | Noticed a deep elf fighter
   316 | D        | Noticed a deep elf knight
   316 | D        | Noticed a deep elf priest
   316 | D        | Noticed a deep elf fighter
   316 | D        | Noticed a deep elf priest
   321 | D        | Killed a deep elf fighter
   321 | D        | Reached skill level 10 in Armour
   323 | D        | Killed a deep elf knight
   323 | D        | Reached skill level 5 in Invocations
   323 | D        | Gained mutation: You passively map the area around you. [level up]
   323 | D        | Reached XP level 9. HP: 32/92 MP: 8/17
   324 | D        | Killed a deep elf priest
   324 | D        | Reached skill level 10 in Fighting
   326 | D        | Killed a deep elf priest
   329 | D        | Killed a deep elf fighter
   347 | D        | Entered arena 9.
   347 | D        | Noticed a white draconian
   347 | D        | Noticed a mottled draconian
   347 | D        | Noticed a mottled draconian
   347 | D        | Noticed a yellow draconian
   347 | D        | Noticed a draconian
   347 | D        | Noticed a mottled draconian
   347 | D        | Noticed a grey draconian
   347 | D        | Noticed a draconian
   352 | D        | HP: 4/93 [grey draconian/short sword (9)]
   353 | D        | Killed a mottled draconian
   354 | D        | Slain by a mottled draconian

Action                   |  1- 3 |  4- 6 |  7- 9 || total
-------------------------+-------+-------+-------++-------
Melee: Broad axe         |     4 |    17 |    36 ||    57
Invok: Lesser Servant of |       |       |     2 ||     2
       Greater Servant o |       |       |     2 ||     2
Evoke: Wand              |     2 |       |       ||     2
 Stab: Distracted        |       |       |     1 ||     1
